 Dungeon Crawl Stone Soup version 0.18.1-50-g88ac8fd (webtiles) character file.

139 nyan the Poker (level 5, -4/42 HPs)
             Began as a Merfolk Gladiator on Dec 21, 2017.
             Was a Follower of Pakellas.
             Slain by Grinder (5 damage)
             ... on level 3 of the Dungeon.
             The game lasted 00:06:03 (1439 turns).

nyan the Poker (Merfolk Gladiator)                  Turns: 1439, Time: 00:06:04

Health: -4/42      AC:  8    Str: 15    XL:     5   Next: 22%
Magic:  6/6        EV: 13    Int:  9    God:    Pakellas [*.....]
Gold:   122        SH:  0    Dex: 14    Spells: 0 memorised, 4 levels left

rFire  . . .     SeeInvis .     a - +0 trident
rCold  . . .     Gourm    .     n - +0 ring mail
rNeg   . . .     Faith    .     (no shield)
rPois  .         Spirit   .     c - +0 helmet
rElec  .         Dismiss  .     (no cloak)
rCorr  .         Reflect  .     r - +1 pair of gloves
SustAt .         Harm     .     (no boots)
MR     .....                    (no amulet)
Stlth  +.........               (no ring)
                                (no ring)

@: not resistant to hostile enchantments, very unstealthy
A: change form in water, swift swim
a: Quick Charge, Renounce Religion


You were on level 3 of the Dungeon.
You worshipped Pakellas.
Pakellas was aware of your devotion.
You were full.

You visited 1 branch of the dungeon, and saw 3 of its levels.

You collected 122 gold pieces.

Inventory:

Hand Weapons
 a - a +0 trident (weapon)
Missiles
 d - 3 throwing nets (quivered)
Armour
 c - a +0 helmet (worn)
 n - a +0 ring mail (worn)
 r - a +1 pair of gloves (worn)
Wands
 t - a wand of iceblast (8/15)
 v - a wand of slowing (28/48)
Scrolls
 e - a scroll of remove curse {unknown}
 i - a scroll of amnesia {unknown}
 j - 5 scrolls of identify {unknown}
 l - 2 scrolls of fear {unknown}
 o - a scroll of teleportation {unknown}
 u - a scroll of recharging {unknown}
Potions
 b - a potion of flight {unknown}
 g - a potion of heal wounds
 h - 2 potions of magic {unknown}
 m - a potion of curing {unknown}
 p - 2 potions of lignification {unknown}
 s - a potion of degeneration {unknown}
Comestibles
 f - 3 bread rations


   Skills:
 + Level 3.8 Fighting
 + Level 5.5 Polearms
 - Level 2.0 Throwing
 + Level 4.7 Dodging
 * Level 2.2 Evocations


You had 4 spell levels left.
You didn't know any spells.

Dungeon Overview and Level Annotations

Branches:
Dungeon (3/15)

Altars:
Dithmenos
Okawaru
Pakellas
Yredelemnul

Shops:
D:2 }

Annotations:
D:3 Grinder


Message History

Grinder closely misses you. Grinder hits you.
* * * LOW HITPOINT WARNING * * *
You writhe in agony.
* * * LOW HITPOINT WARNING * * *
You are too injured to fight recklessly!
You are too injured to fight recklessly!
You feel yourself speed up.
Evoke which item? (* to show all) (? for menu, Esc to quit)
Zapping:
t - a wand of iceblast (9/15)
Press: ? - help, Shift-Dir - straight line, f/p - Grinder
Aim: Grinder (heavily wounded, slow)
The mass of ice explodes!
The iceblast engulfs Grinder.
Grinder partially resists.
Grinder is severely wounded.
This wand has 8 charges left.
Grinder hits you!
* * * LOW HITPOINT WARNING * * *
You writhe in agony.
You die...
Pakellas says: That's one more possible approach eliminated.

########## #........#
#........# ##########
#........# #........#
#........# #...@5...#
#........# #........#
#........# #........#
#......(.# #.†......#
##........###[.......#
........).#..........#
##..........####.#####
########..##......#
#......##......#


You could see Grinder.

Vanquished Creatures
  Jessica (D:3)
  Natasha (twice) (D:3)
  An adder (D:3)
  A worm (D:2)
  A dart slug (D:1)
  An orc (D:3)
  3 giant cockroaches
  9 goblins
  7 hobgoblins
  A quokka (D:3)
  9 bats
  4 giant newts
  4 kobolds (D:1)
  5 rats
49 creatures vanquished.

Notes
Turn   | Place    | Note
--------------------------------------------------------------
     0 | D:1      | nyan the Merfolk Gladiator began the quest for the Orb.
     0 | D:1      | Reached XP level 1. HP: 16/16 MP: 1/1
   102 | D:1      | Reached XP level 2. HP: 20/23 MP: 2/2
   355 | D:1      | Reached XP level 3. HP: 29/29 MP: 3/3
   453 | D:2      | Found a basalt altar of Yredelemnul.
   586 | D:2      | Found a shadowy altar of Dithmenos.
   650 | D:2      | Found an oddly glowing altar of Pakellas.
   650 | D:2      | Found Pakellas's Prime Provisions.
   657 | D:2      | Became a worshipper of Pakellas the Inventive
   724 | D:2      | Reached skill level 5 in Polearms
   861 | D:2      | Found an iron altar of Okawaru.
  1069 | D:3      | Noticed Natasha
  1081 | D:3      | Killed Natasha
  1081 | D:3      | Reached skill level 1 in Evocations
  1081 | D:3      | Reached XP level 4. HP: 24/35 MP: 4/4
  1283 | D:3      | Reached * piety under Pakellas
  1283 | D:3      | Received a gift from Pakellas
  1394 | D:3      | Noticed Jessica
  1401 | D:3      | Killed Jessica
  1406 | D:3      | Noticed Natasha
  1407 | D:3      | Noticed Grinder
  1415 | D:3      | Killed Natasha
  1415 | D:3      | Reached XP level 5. HP: 23/42 MP: 6/6
  1429 | D:3      | Paralysed by Grinder for 3 turns
  1439 | D:3      | HP: 1/42 [Grinder (8)]
  1439 | D:3      | Slain by Grinder

Skill      XL: |  1  2  3  4 |
---------------+-------------+-----
Fighting       | 3 |  3.8
Polearms       | 5 |  5.5
Evocations     | 1 2 |  2.2
Throwing       | |  2.0
Dodging        | |  4.7

Action                   |  1- 3 |  4- 6 || total
-------------------------+-------+-------++-------
Melee: Trident           |   116 |    49 ||   165
Evoke: Wand              |       |     3 ||     3
  Use: Potion            |       |     1 ||     1
  Eat: Meat ration       |       |     1 ||     1
       Beef jerky        |       |     1 ||     1
Armor: Leather armour    |    10 |       ||    10
       Ring mail         |     9 |    22 ||    31
Dodge: Dodged            |    51 |    30 ||    81
